 Dungeon Crawl Stone Soup version 0.31-a0-151-ge443d1f16c (webtiles) character file.

Game seed: 15471725831060752871

1 qw the Shooter (level 1, -1/12 HPs)
             Began as a Gargoyle Hunter on June 8, 2023.
             Killed from afar by a dart slug (2 damage)
             ... with a slug dart
             ... on level 1 of the Dungeon.
             The game lasted 00:00:02 (62 turns).

qw the Shooter (Gargoyle Hunter)                      Turns: 62, Time: 00:00:02

Health: -1/12      AC:  5    Str: 14    XL:     1   Next: 20%
Magic:  1/1        EV: 11    Int:  9    God:
Gold:   37         SH:  0    Dex: 13    Spells: 0/0 levels left

rFire   . . .        a - +0 shortbow
rCold   . . .        (shield currently unavailable)
rNeg    + . .        c - +0 leather armour
rPois   inf          (no helmet)
rElec   +            (no cloak)
rCorr   .            (no gloves)
SInv    .            (no boots)
Will    .....        (no amulet)
Stlth   +            (no ring)
HPRegen 0.22/turn    (no ring)
MPRegen 0.07/turn

%: no passive effects
@: no status effects
A: sickness immunity, AC +2, negative energy resistance 1, electricity
resistance, torment resistance 1, petrification resistance
a: no special abilities


You were on level 1 of the Dungeon.
You visited 1 branch of the dungeon, and saw 1 of its levels.

You collected 37 gold pieces.


Innate Abilities, Weirdness & Mutations

You are immune to sickness and miasma.
Your stone body is resilient. (AC +2)
You are immune to poison.
You resist negative energy. (rN+)
You are resistant to electric shocks. (rElec)
You are resistant to unholy torment.
You are immune to petrification.


   Skills:
 - Level 2.1 Fighting
 + Level 4.0 Ranged Weapons
 - Level 1.5 Dodging
 - Level 1.1 Stealth


You couldn't memorise any spells.
You didn't know any spells.
Your spell library was empty.

Inventory:

Hand Weapons
 a - a +0 shortbow (weapon)
Armour
 c - a +0 leather armour (worn)
Scrolls
 b - a scroll of butterflies

Dungeon Overview and Level Annotations

Branches:
Dungeon (1/15)

Altars:


Message History

You kill the hobgoblin!
You now have 37 gold pieces (gained 16).
As you open the door, it creaks loudly!
A dart slug comes into view.
You shoot an arrow.
The arrow hits the dart slug but does no damage.
The dart slug launches a dart at you. The slug dart misses you.
You shoot an arrow.
The arrow hits the dart slug but does no damage.
A quokka comes into view.
The dart slug launches a dart at you. The slug dart hits you.
You shoot an arrow. The arrow hits the dart slug.
The dart slug is heavily wounded.
You shoot an arrow. The arrow hits the quokka.
The quokka is almost dead.
The dart slug launches a dart at you. The slug dart hits you.
You shoot an arrow.
The arrow hits the quokka but does no damage.
The quokka is almost dead.
You shoot an arrow. The arrow closely misses the quokka.
You shoot an arrow. The arrow barely misses the quokka.
The quokka bites you but does no damage.
The quokka bites you. The dart slug launches a dart at you.
The slug dart hits you but does no damage.
You shoot an arrow. The arrow barely misses the quokka.
The quokka barely misses you.
You shoot an arrow. The arrow closely misses the quokka.
The quokka bites you. The quokka closely misses you.
You shoot an arrow. The arrow misses the quokka.
A bat comes into view.
The quokka closely misses you.
You shoot an arrow. The arrow barely misses the quokka.
The quokka bites you. The dart slug launches a dart at you.
The slug dart hits you.
You die...

### ## #.... #
#.... ## #.... .##
####... #.## #.....
##.## #....# +##
##.#### ##...r#...#
#....# #....@'...#
####.# #.....#...#
#.# #.....#.w.#
#.## #...........
#..####......##....
##....#.####.# ..
####.#.# .# # #.(.#
.. ##### .##


You could see a dart slug and a quokka.

Vanquished Creatures
  A hobgoblin (D:1)
1 creature vanquished.

Notes
Turn   | Place    | Note
-------+----------+-------------------------------------------
     0 | D:1      | qw the Gargoyle Hunter began the quest for the Orb.
     0 | D:1      | Reached XP level 1. HP: 12/12 MP: 1/1
     0 | D:1      | 0 ||| qw: Version: 0.2-a-120-gdf1a93b
     0 | D:1      | 0 ||| qw: Game counter: 3118
     0 | D:1      | 0 ||| qw: Always use a shield: true
     0 | D:1      | 0 ||| qw: God list: Okawaru
     0 | D:1      | 0 ||| qw: Allow faded altars: false
     0 | D:1      | 0 ||| qw: Do Orc after D:15 true
     0 | D:1      | 0 ||| qw: Do second Lair branch before Depths: true
     0 | D:1      | 0 ||| qw: Lair rune preference: random
     0 | D:1      | 0 ||| qw: Plans: Normal
     0 | D:1      | 0 ||| PLANNING D:1-11
    62 | D:1      | HP: 1/12 [quokka (3)]
    62 | D:1      | Killed from afar by a dart slug

Levels and vault maps discovered:
D:1:      spicycebolla_arrival_xxxplode, layout_basic

Action                     || total
---------------------------++-------
   Fire: Shortbow          ||    15
 Armour: Leather armour    ||     2
  Dodge: Dodged            ||     4

Table legend:
 A = Non-vault XP
 B = Vault XP
 C = Vault XP percentage of total XP
 D = Non-vault monster count
 E = Vault monster count
 F = Vault count percentage of total count
                 A         B        C        D         E       F
            +---------+---------+-------+---------+---------+-------
      Total |       2 |       0 |   0.0 |       1 |       0 |   0.0
            +---------+---------+-------+---------+---------+-------
        D:1 |       2 |       0 |   0.0 |       1 |       0 |   0.0
            +---------+---------+-------+---------+---------+-------
